 Dungeon Crawl Stone Soup version 0.30-a0-772-g5528072125 (webtiles) character file.

Game seed: 13264704779193582188

84 bmack86 the Covered (level 4, -7/40 HPs)
             Began as a Minotaur Fighter on Feb 13, 2023.
             Mangled by an orc priest
             ... wielding a +0 flail
              (8 damage)
             ... on level 3 of the Dungeon.
             The game lasted 00:04:13 (1454 turns).

bmack86 the Covered (Minotaur Fighter)              Turns: 1454, Time: 00:04:14

Health: -7/40      AC: 10    Str: 23    XL:     4   Next: 24%
Magic:  2/3        EV:  7    Int:  5    God:
Gold:   73         SH:  4    Dex:  9    Spells: 3/3 levels left

rFire   . . .      SeeInvis +    a - +1 war axe
rCold   . . .      Faith    .    c - +0 buckler
rNeg    . . .      Spirit   .    q - +0 chain mail
rPois   .          Reflect  .    (helmet restricted)
rElec   .          Harm     .    (no cloak)
rCorr   .          Rampage  .    (no gloves)
Will    .....                    l - +0 pair of boots Stlth
                                 (no amulet)
HPRegen 0.26/turn                f - ring of see invisible
MPRegen 0.08/turn                (no ring)

@: mighty
A: horns 2, retaliatory headbutt
a: no special abilities


You were on level 3 of the Dungeon.
You visited 1 branch of the dungeon, and saw 3 of its levels.

You collected 73 gold pieces.

Inventory:

Hand Weapons
 a - a +1 war axe (weapon)
Missiles
 g - 2 poisoned darts
 n - 4 javelins (quivered)
Armour
 b - a +0 scale mail
 c - a +0 buckler (worn)
 l - a +0 pair of boots (worn)
 q - a +0 chain mail (worn)
Jewellery
 f - a ring of see invisible (left hand)
Scrolls
 e - a scroll of identify {unknown}
 j - a scroll of teleportation {unknown}
 m - a scroll of enchant weapon
 p - a scroll of vulnerability {unknown}
Potions
 d - 2 potions of might
 h - a potion of heal wounds {unknown}
 i - a potion of lignification {unknown}
 k - a potion of cancellation {unknown}
 o - a potion of invisibility {unknown}


   Skills:
 + Level 4.1 Fighting
 * Level 3.8 Axes
 * Level 1.3 Throwing
 + Level 4.1 Armour
 + Level 4.1 Shields


You had 3 spell levels left.
You didn't know any spells.
Your spell library contained the following spells:

 Spells                   Type           Power      Damage    Failure   Level
 Ignite Poison            Fire/Tmut/Pois 0%         N/A       100%        3
 Animate Armour           Summ/Erth      0%         N/A       100%        4
 Summon Forest            Summ/Tloc      0%         N/A       100%        5
 Malign Gateway           Summ/Tloc      0%         N/A       100%        7


Dungeon Overview and Level Annotations

Branches:
Dungeon (3/15)

Altars:


Innate Abilities, Weirdness & Mutations

You have a pair of horns on your head.
You reflexively headbutt those who attack you in melee.


Message History

You slash the orc!
You kill the orc!
You barely miss the hobgoblin.
You hit the orc wizard but do no damage.
You closely miss the orc.
The orc priest mumbles some strange prayers to Beogh against you.
Beogh smites you!
* * * LOW HITPOINT WARNING * * *
The orc wizard hits you but does no damage.
The orc hits you but does no damage.
The hobgoblin hits you but does no damage.
The orc wizard hits you but does no damage.
The orc priest closely misses you. The orc hits you but does no damage.
The hobgoblin hits you but does no damage.
The orc wizard attacks as you move away!
The orc wizard hits you but does no damage.
The hobgoblin hits you.
* * * LOW HITPOINT WARNING * * *
The orc priest closely misses you. The orc hits you but does no damage.
Things that are here:
a +0 whip; an orc corpse You feel very mighty all of a sudden.
The goblin barely misses you.
The orc priest hits you but does no damage.
The hobgoblin hits you but does no damage.
The orc wizard hits you with a +0 dagger.
* * * LOW HITPOINT WARNING * * *
The orc hits you with a +1 antimagic short sword.
* * * LOW HITPOINT WARNING * * *
You miss the orc wizard. You headbutt the orc wizard.
The orc wizard is moderately wounded.
You slash the goblin!
You kill the goblin!
You slash the orc!
You kill the orc!
You completely miss the orc priest. You barely miss the hobgoblin.
You feel less confused.
The hobgoblin hits you but does no damage.
The orc priest hits you with a +0 flail!
You die...

## .#### ### .##.. ..#
.##.# #.# .##.# #.#
.##.# #.# .##.#
#########.#
.##.###.......#)#####...
...............o@)......
......#.#.#.#(#og....##.
......#.#.#.#.#......#
###.#.#.#.#.#.#.<.....#
....#.#.#.#.#.#.........
.#....#.#.#.#.#..##.#.#.
.#...............# .#.#
........######.... .# #
#.......###


You could see an orc priest, an orc wizard and a hobgoblin.

Vanquished Creatures
  3 adders
  2 dart slugs
  3 orcs (D:3)
  2 endoplasms
  A giant cockroach (D:2)
  5 goblins
  5 hobgoblins (D:1)
  6 jackals (D:1)
  A quokka (D:2)
  4 ball pythons
  6 bats
  4 frilled lizards
  5 kobolds
  4 rats (D:1)
51 creatures vanquished.

Notes
Turn   | Place    | Note
-------+----------+-------------------------------------------
     0 | D:1      | bmack86 the Minotaur Fighter began the quest for the Orb.
     0 | D:1      | Reached XP level 1. HP: 19/19 MP: 0/0
    89 | D:1      | Reached XP level 2. HP: 27/27 MP: 1/1
   795 | D:1      | Reached XP level 3. HP: 33/33 MP: 2/2
   905 | D:2      | Got the Elucidation of the Comitatus and the Coward
  1277 | D:3      | Reached skill level 1 in Throwing
  1320 | D:3      | Reached XP level 4. HP: 39/40 MP: 3/3
  1453 | D:3      | HP: 1/40 [orc/+1 antimagic short sword (2)]
  1454 | D:3      | Mangled by an orc priest

Illustrated notes

Levels and vault maps discovered:
D:1:      lightli_molten_gateway, layout_basic
D:2:      layout_rooms, kennysheep_generic_room_16
D:3:      layout_basic, mainiacjoe_overflow_alcove_2, pf_just_have_faith,
          shapermc_ecumenical_altar_notcrosses,
          nicolae_concentric_dashed_squares_mild, minmay_misc_feat_rows,
          uniq_natasha

Skill      XL: |  1  2  3 |
---------------+----------+-----
Axes           | 3 |  3.8
Fighting       | 4 |  4.1
Armour         | 4 |  4.1
Shields        | 4 |  4.1
Throwing       | 1 |  1.3

Action                     |  1- 3 |  4- 6 || total
---------------------------+-------+-------++-------
  Melee: War axe           |    70 |    15 ||    85
         Headbutt          |     8 |     3 ||    11
    Use: Scroll            |     1 |       ||     1
         Potion            |       |     1 ||     1
 Armour: Scale mail        |    45 |       ||    45
         Chain mail        |       |    26 ||    26
  Dodge: Dodged            |    51 |    12 ||    63
  Block: Buckler           |    19 |     3 ||    22

Table legend: (Time is in decaauts)
 A = Elapsed time spent in this place.
 B = Non-inter-level travel time spent in this place.
 C = Inter-level travel time spent in this place.
 D = Time resting spent in this place.
 E = Time spent auto-exploring this place.
 F = Levels seen in this place.
 G = Mean time per level.
                   A        B        C        D        E       F      G
               +--------+--------+--------+--------+--------+-----+--------+
         Total |   1484 |   1472 |     12 |      0 |    971 |   3 |  494.7 |
       Dungeon |   1484 |   1472 |     12 |      0 |    971 |   3 |  494.7 |
               +--------+--------+--------+--------+--------+-----+--------+

Top non-repeatable levels by time:
     D:1: 826 daAuts
     D:2: 454 daAuts
     D:3: 202 daAuts
